cohdb
Replays
Latest Replays
All Replays
Popular Replays
Top Player Replays
Match Explorer
How It Works
Community
CoH3 Stats
Reddit
Sign in to upload your games and track your stats! →
Sign in with Steam
Match 24848930
Unlisted
Match 24848930
Overview
Messages
Build Orders
End
Royal Engineer Section
Selects Indian Artillery Battlegroup
Royal Engineer Section
Construct Section Command Post
ML 3-inch Mortar Team
Dingo Light Scout Car
Infantry Section
Grenade Package
Infantry Section
Construct Platoon Command Post
Construct Field Infirmary
Selects Artillery Saturation
Infantry Section
Selects Off-map Airburst Barrage
Construct Company Command Post
Crusader II Medium Tank
Selects BL5.5 Artillery Emplacement
Crusader II Medium Tank
Infantry Section
Crusader II Medium Tank
Royal Engineer Section
Unlock M3 Grant Medium Tanks
Infantry Section
Sonic
Bounce
4PARA Boltie
ConcernedApe
0
0
Comments
sign in to comment!
No comments posted yet!